 Seeded DCSS version 0.30.1-5-ged363bc7ee (webtiles) character file.

Game seed: 69 (custom seed)

14 Psyclone the Stinger (level 2, -1/15 HPs)
             Began as a Deep Elf Venom Mage on Sept 19, 2023.
             Frozen to death by an endoplasm (5 damage)
             ... on level 1 of the Dungeon.
             The game lasted 00:01:55 (595 turns).

Psyclone the Stinger (Deep Elf Venom Mage)           Turns: 595, Time: 00:01:55

Health: -1/15      AC:  2    Str:  5    XL:     2   Next: 27%
Magic:  1/8        EV: 12    Int: 19    God:
Gold:   37         SH:  0    Dex: 15    Spells: 4/7 levels left

rFire   . . .        i - +0 dagger
rCold   . . .        (no shield)
rNeg    . . .        a - +0 robe
rPois   .            (no helmet)
rElec   .            (no cloak)
rCorr   .            (no gloves)
SInv    .            (no boots)
Will    .....        (no amulet)
Stlth   ++           (no ring)
HPRegen 0.22/turn    (no ring)
MPRegen 0.11/turn

%: no passive effects
@: no status effects
A: no striking features
a: no special abilities


You were on level 1 of the Dungeon.
You visited 1 branch of the dungeon, and saw 1 of its levels.

You collected 37 gold pieces.

Inventory:

Hand Weapons
 i - a +0 dagger (weapon)
Armour
 a - a +0 robe (worn)
Scrolls
 c - 2 scrolls of poison {unknown}
 d - a scroll of teleportation {unknown}
 e - a scroll of amnesia {unknown}
Potions
 b - a potion of magic
 f - 2 potions of flight {unknown}
 g - a potion of might {unknown}
 h - a potion of degeneration {unknown}


   Skills:
 - Level 2.4 Dodging
 - Level 2.4 Stealth
 - Level 3.0 Spellcasting
 - Level 1.1 Transmutations
 + Level 4.1 Poison Magic


You had 4 spell levels left.
You knew the following spells:

 Your Spells              Type           Power      Damage    Failure   Level
a - Poisonous Vapours     Pois/Air       20%        N/A       10%         2
b - Sting                 Tmut/Pois      48%        1d5       5%          1

Your spell library contained the following spells:

 Spells                   Type           Power      Damage    Failure   Level
 Mephitic Cloud           Conj/Pois/Air  8%         N/A       26%         3
 Olgreb's Toxic Radiance  Pois           18%        N/A       26%         4


Dungeon Overview and Level Annotations

Branches:
Dungeon (1/15) Zot: 5404

Altars:


Message History

The goblin completely misses you.
You closely miss the goblin.
The goblin is moderately wounded.
The goblin hits you but does no damage.
You barely miss the goblin.
The goblin is severely wounded.
You kill the goblin!
The endoplasm attacks as you move away! The endoplasm closely misses you.
The endoplasm attacks as you move away! The endoplasm hits you.
You take 1 damage, and have 14/15 hp.
The endoplasm hits you.
You take 2 damage, and have 12/15 hp.
The endoplasm closely misses you.
Things that are here:
a +0 dagger; a goblin corpse
i - a +0 dagger The endoplasm hits you.
i - a +0 dagger (weapon)
You hit the endoplasm but do no damage. The endoplasm hits you.
You take 1 damage, and have 11/15 hp.
You hit the endoplasm.
The endoplasm is moderately wounded.
The endoplasm freezes you.
You are frozen.
You take 5 damage, and have 6/15 hp.
MASSIVE DAMAGE!!
You hit the endoplasm but do no damage.
The endoplasm is moderately wounded.
The endoplasm hits you.
* * * LOW HITPOINT WARNING * * *
You take 3 damage, and have 3/15 hp.
Casting: Poisonous Vapours (safe; 10% risk of failure)
Confirm with . or Enter, or press ? or * to list all spells.
Aiming: Sting (safe; 5% risk of failure)
Press: ? - help, Shift-Dir - straight line, f - endoplasm
Aim: an endoplasm (moderately wounded, 98% to hit)
The sting hits the endoplasm.
The endoplasm partially resists.
The endoplasm is severely wounded.
The endoplasm freezes you.
You are frozen.
You die...

####### ####### #.....#
#.....# ####.....# ###.....#
#........# ..#.....#
#........#
#.#...÷.##########........###
................@J....>...'.#
#.#.....#############.....#.##
#.......#
############.####..####
##......# #............#
##....# ###.#####
#.####'######## #####.#
.##..## #.#
#...###...###...#.# .###..###
#.# #.8.....8.....8.#†#
.###....# #.#
#...###...###...#.# ........#
#.# ##### ##### ##.##.#


You could see an endoplasm.

Vanquished Creatures
  3 bats (D:1)
  An endoplasm (D:1)
  A goblin (D:1)
  2 hobgoblins (D:1)
  A quokka (D:1)
  2 frilled lizards (D:1)
  2 rats (D:1)
12 creatures vanquished.

Notes
Turn   | Place    | Note
-------+----------+-------------------------------------------
     0 | D:1      | Psyclone the Deep Elf Venom Mage began the quest for the
                  | Orb.
     0 | D:1      | Reached XP level 1. HP: 10/10 MP: 6/6
   333 | D:1      | Reached skill level 4 in Poison Magic
   333 | D:1      | Reached XP level 2. HP: 15/15 MP: 2/8
   396 | D:1      | Learned a level 2 spell: Poisonous Vapours
   595 | D:1      | Frozen to death by an endoplasm

Illustrated notes

Levels and vault maps discovered:
D:1:      minmay_arrival_nine_rooms, layout_basic,
          dreamdust_ecumenical_altar_sealed_demon

Skill      XL: |  1 |
---------------+----+-----
Poison Magic   | 4 |  4.1
Dodging        | |  2.4
Stealth        | |  2.4
Spellcasting   | |  3.0
Transmutations | |  1.1

Action                     || total
---------------------------++-------
  Melee: Unarmed           ||     8
         Dagger            ||     3
         Punch             ||     1
   Cast: Sting             ||    19
         Poisonous Vapours ||     6
 Armour: Robe              ||     2
  Dodge: Dodged            ||    20
